 Dungeon Sprint DCSS version 0.17-a0-1582-ge6b0260 (webtiles) character file.

58 Jb9000 the Shield-Bearer (level 4, -10/30 HPs)
             Began as a Gargoyle Fighter on July 27, 2015.
             Killed by divine providence
             ... invoked by an oklob sapling priest
              (12 damage)
             ... in the Dungeon (Sprint IV: "Fedhas' Mad Dash").
             The game lasted 00:00:58 (126 turns).

Jb9000 the Shield-Bearer (Gargoyle Fighter)          Turns: 126, Time: 00:00:58

Health: -10/30     AC:  6    Str: 19    XL:     4   Next: 2%
Magic:  4/6        EV:  8    Int:  9    God:
Gold:   60         SH:  9    Dex: 10    Spells: 0 memorised, 6 levels left

rFire  . . .     SeeInvis .     a - +0 flail
rCold  . . .     Clarity  .     b - +0 scale mail
rNeg   + . .     SustAt   .     c - +0 shield
rPois  ∞         Gourm    .     (no helmet)
rElec  +         Spirit   .     (no cloak)
rCorr  .         Warding  .     (no gloves)
rMut   .         NoTele   +     (no boots)
MR     .....                    (no amulet)
Stlth  ..........               m - ring of invisibility
                                l - ring of loudness (curse)

@: corroded equipment, very slightly contaminated, not resistant to hostile
enchantments, extremely unstealthy
A: negative energy resistance 1, electricity resistance, unbreathing,
petrification resistance, rot immunity, AC +3
a: Evoke Invisibility


You were in the Dungeon.
You were not hungry.

You visited 1 branch You collected 60 gold pieces.

Inventory:

Hand weapons
 a - a +0 flail (weapon)
Armour
 b - a +0 scale mail (worn)
 c - a +0 shield (worn)
Jewellery
 l - a cursed ring of loudness (left hand)
 m - a ring of invisibility (right hand)
Scrolls
 k - a scroll of blinking
Potions
 d - a potion of might
 f - a potion of curing
 g - a potion of heal wounds
 h - a potion of haste
 i - 2 potions of magic
 j - a potion of berserk rage
Comestibles
 e - 2 bread rations


   Skills:
 + Level 4.5 Fighting
 + Level 2.3 Maces & Flails
 + Level 4.7 Armour
 * Level 1.8 Dodging
 * Level 3.3 Stealth
 * Level 5.2 Shields
 * Level 1.9 Spellcasting


You had 6 spell levels left.
You didn't know any spells.

Dungeon Overview and Level Annotations

Branches:
Dungeon (1/1)

Altars:
Cheibriados
Dithmenos
Elyvilon
Gozag
Kikubaaqudgha
Makhleb
Nemelex Xobeh
Okawaru
Qazlal
Ru
Sif Muna
Trog
Vehumet
Xom
Yredelemnul
Zin
The Shining One
Beogh
Jiyva
Lugonu

Annotations:
D exclusion: oklob sapling


Innate Abilities, Weirdness & Mutations

You are resistant to torment.
Your stone body is resilient (AC +3).
You are immune to poison.
You resist negative energy.
You are resistant to electric shocks.
You can survive without breathing.
You are immune to petrification.
You are immune to rotting.


Message History

You thump the oklob sapling priest!
The oklob sapling priest is severely damaged.
You hit the oklob sapling priest but do no damage.
The oklob sapling priest is severely damaged.
You flicker back into view.
The oklob sapling priest spits acid at you.
The splash of acid hits you!
The acid burns!
* * * LOW HITPOINT WARNING * * *
Found a stormy altar of Qazlal.
There is a corrupted altar of Lugonu here.
You hit the oklob sapling priest but do no damage.
The oklob sapling priest is severely damaged.
The oklob sapling priest looks braver for a moment.
The oklob sapling priest spits acid at you.
The splash of acid misses you.
You hit the oklob sapling priest but do no damage.
The oklob sapling priest is severely damaged.
The oklob sapling priest mumbles some strange prayers to its god against you.
Something smites you!
You die...

########################
....#.....#.⌠.........⌠.
....'.#...'._._._._._._.
....#.#...#_._._P_._._._
########+##._._.@._._._.
#.⌠...._....⌠.
##############


You could see an oklob sapling priest.

Vanquished Creatures
  A worker ant (D)
  An oklob sapling (D)
  A river rat (D)
  A rat (D)
4 creatures vanquished.

Notes
Turn   | Place    | Note
--------------------------------------------------------------
     0 | D        | Jb9000 the Gargoyle Fighter began the quest for the Orb.
     0 | D        | Reached XP level 1. HP: 14/14 MP: 1/1
    13 | D        | Reached skill level 1 in Stealth
    13 | D        | Reached XP level 2. HP: 16/20 MP: 2/2
    85 | D        | Noticed an oklob sapling
    87 | D        | Killed an oklob sapling
    87 | D        | Reached skill level 4 in Fighting
    87 | D        | Reached skill level 1 in Dodging
    87 | D        | Reached skill level 1 in Spellcasting
    87 | D        | Reached XP level 3. HP: 24/24 MP: 2/5
    89 | D        | Noticed a worker ant
    92 | D        | Killed a worker ant
    92 | D        | Reached skill level 5 in Shields
    92 | D        | Reached XP level 4. HP: 30/30 MP: 2/6
   112 | D        | Found a snail-covered altar of Cheibriados.
   112 | D        | Found a glowing silver altar of Zin.
   112 | D        | Found a white marble altar of Elyvilon.
   112 | D        | Found a viscous altar of Jiyva.
   112 | D        | Found a radiant altar of Vehumet.
   112 | D        | Found a deep blue altar of Sif Muna.
   112 | D        | Found an ancient bone altar of Kikubaaqudgha.
   112 | D        | Found a bloodstained altar of Trog.
   112 | D        | Found a corrupted altar of Lugonu.
   112 | D        | Noticed an oklob sapling priest
   113 | D        | Found a burning altar of Makhleb.
   113 | D        | Found a sacrificial altar of Ru.
   114 | D        | Found a glowing golden altar of the Shining One.
   114 | D        | Found a sparkling altar of Nemelex Xobeh.
   115 | D        | Found a shadowy altar of Dithmenos.
   116 | D        | Found a shimmering altar of Xom.
   116 | D        | Found an iron altar of Okawaru.
   117 | D        | Found an opulent altar of Gozag.
   118 | D        | Found a roughly hewn altar of Beogh.
   118 | D        | Found a basalt altar of Yredelemnul.
   124 | D        | Found a stormy altar of Qazlal.
   126 | D        | Killed from afar by an oklob sapling priest

Vault maps used:
D:        dungeon_sprint_fedhas

Action                   |  1- 3 |  4- 6 || total
-------------------------+-------+-------++-------
Melee: Flail             |    10 |     7 ||    17
 Abil: Evoke Invisibilit |       |     1 ||     1
